 Dungeon Crawl Stone Soup version 0.20.0-15-g7f486f2 (webtiles) character file.

40447 Chiseanne the Destroyer (level 13, -7/81 HPs)
             Began as a Demonspawn Wizard on June 14, 2017.
             Was a High Priest of Vehumet.
             Killed by divine providence
             ... invoked by an orc priest
              (12 damage)
             ... on level 1 of the Orcish Mines.
             The game lasted 01:15:07 (22538 turns).

Chiseanne the Destroyer (Demonspawn Wizard)        Turns: 22538, Time: 01:15:08

Health: -7/81      AC: 10    Str:  7    XL:     13   Next: 74%
Magic:  0/38       EV: 11    Int: 25    God:    Vehumet [*****.]
Gold:   1454       SH:  9    Dex: 12    Spells: 5/37 levels left

rFire    + . .     SeeInvis .   a - +2 rapier (venom)
rCold    + . .     Gourm    .   P - +0 buckler
rNeg     . . .     Faith    .   K - +2 troll leather armour
rPois    .         Spirit   +   R - +2 helmet
rElec    .         Reflect  .   L - scarf {rC+ rF+}
rCorr    .         Harm     .   (no gloves)
MR       .....                  (no boots)
Stlth    ++........             (no amulet)
Regen    0.7/turn               Y - ring of magical power
MPRegen  0.6/turn               V - ring of wizardry

@: very slightly contaminated, starving
A: large bone plates 1, powered by pain 2, magic shield, magic regeneration
a: Renounce Religion


You were on level 1 of the Orcish Mines.
You worshipped Vehumet.
Vehumet was extremely pleased with you.
You were starving.

You visited 4 branches of the dungeon, and saw 19 of its levels.
You also visited: Labyrinth.

You collected 1454 gold pieces.

Inventory:

Hand Weapons
 a - a +2 rapier of venom (weapon)
 s - a +3 scimitar
Missiles
 c - 8 javelins (quivered)
 S - 16 javelins of penetration
Armour
 K - a +2 troll leather armour (worn)
 L - a scarf of resistance (worn)
 P - a +0 buckler (worn)
 R - a +2 helmet (worn)
 U - a +2 robe of magic resistance
 W - a +1 leather armour of fire resistance
Magical Staves
 X - an uncursed staff of cold
Jewellery
 b - a +4 ring of dexterity
 e - a +4 ring of intelligence
 f - a +4 ring of protection
 q - an uncursed ring of positive energy
 r - a +5 ring of intelligence
 x - an uncursed ring of protection from fire
 E - an uncursed ring of fire
 G - an uncursed ring of protection from cold
 V - a ring of wizardry (right hand)
 Y - a ring of magical power (left hand)
Wands
 d - a wand of lightning (7/15)
 g - a wand of acid (6/15)
 t - a wand of acid (8/15)
 z - a wand of digging (15/24)
Scrolls
 m - 4 scrolls of remove curse
 B - a scroll of recharging
 H - 2 scrolls of teleportation
 Z - 5 scrolls of identify
Potions
 j - 3 potions of ambrosia
 k - 2 potions of invisibility
 l - 2 potions of brilliance
 n - 2 potions of mutation
 o - 4 potions of flight
 v - 7 potions of curing
 w - 2 potions of cancellation
 A - 4 potions of might
 C - a potion of lignification
 M - 2 potions of magic
 O - 3 potions of haste
Books
 u - a book of the Earth

   Spells                             Type                      Level
   a - Leda's Liquefaction            Hexes/Earth                  4
   b - Bolt of Magma                  Conjuration/Fire/Earth       5
   c - Statue Form                    Transmutation/Earth          6
   d - Iron Shot                      Conjuration/Earth            6
   e - Shatter                        Earth                        9
 y - the Incunabulum of Protection
   (You found it in a labyrinth)

   Spells                             Type                      Level
   a - Infusion                       Charms                       1
   b - Excruciating Wounds            Charms/Necromancy            5
   c - Deflect Missiles               Charms/Air                   6
   d - Ring of Flames                 Charms/Fire                  7
 J - a book of Power

   Spells                             Type                      Level
   a - Iskenderun's Battlesphere      Conjuration/Charms           5
   b - Venom Bolt                     Conjuration/Poison           5
   c - Bolt of Magma                  Conjuration/Fire/Earth       5
   d - Iron Shot                      Conjuration/Earth            6
   e - Orb of Destruction             Conjuration                  7
   f - Spellforged Servitor           Conjuration/Summoning        7
Miscellaneous
 Q - 2 phantom mirrors
Comestibles
 h - 13 meat rations
 D - 8 fruits
 N - 3 royal jellies
 T - 9 bread rations


   Skills:
 - Level 1.0 Fighting
 - Level 7.0 Armour
 - Level 1.7 Dodging
 - Level 1.7 Stealth
 - Level 4.1 Shields
 * Level 12.6 Spellcasting
 * Level 13.2 Conjurations
 - Level 9.0 Summonings
 - Level 0.8 Translocations
 - Level 4.9 Fire Magic
 - Level 4.6 Earth Magic


You had 5 spell levels left.
You knew the following spells:

 Your Spells              Type           Power        Failure   Level  Hunger
a - Magic Dart            Conj           ####         0%          1    None
b - Stone Arrow           Conj/Erth      ######       1%          3    None
c - Venom Bolt            Conj/Pois      #####.....   1%          5    ###....
d - Bolt of Magma         Conj/Fire/Erth ######....   1%          5    ###....
f - Blink                 Tloc           N/A          2%          2    None
g - Apportation           Tloc           ###...       1%          1    None
h - Mephitic Cloud        Conj/Pois/Air  #####...     1%          3    None
i - Iskenderun's Battles  Conj/Chrm      #####...     1%          5    ###....
j - Spellforged Servitor  Conj/Summ      ######....   5%          7    ######.


Dungeon Overview and Level Annotations

Branches:
Dungeon (11/15)            Temple (1/1) D:6            Lair (6/6) D:9
  Swamp (0/4) Lair:2       Spider (0/4) Lair:2        Slime (0/5) Lair:5
    Orc (1/2) D:10

Altars:
Cheibriados
Elyvilon
Fedhas
Hepliaklqana
Kikubaaqudgha
Makhleb
Nemelex Xobeh
Ru
Sif Muna
Trog
Vehumet
Xom
Yredelemnul
Zin
The Shining One
Beogh
Jiyva

Shops:
Orc:1 [

Annotations:
D:6 2 transporters
D:10 mrks's ghost, novice MiFi
Lair:4 exclusion: downstairs
Orc:1 Harold


Innate Abilities, Weirdness & Mutations

You are partially covered in large bone plates. (SH +4)
You sometimes gain power by taking damage.
When hurt, damage is shared between your health and your magic reserves.
You regenerate magic rapidly.


Message History

You summon a servant imbued with your destructive magic!
You are starving!
Your spellforged servitor disappears in a puff of smoke!
The warg bites you but does no damage.
The orc high priest calls down the wrath of Beogh upon you.
Beogh smites you!
* * * LOW HITPOINT WARNING * * *
The troll barely misses you. The troll completely misses you.
The troll claws you.
* * * LOW HITPOINT WARNING * * *
The orc warrior hits you with a mace.
* * * LOW HITPOINT WARNING * * *
Okay, then.
Blink to where?
Press: ? - help, Dir - move target cursor You are very lightly contaminated with residual magic.
As you read the scroll of blinking, it crumbles to dust.
The orc priest mumbles some strange prayers to Beogh against you.
Beogh smites you!
You die...

$..#...>.........
................
.......∩........
..o..........#.
.).......#....## .
..).$..........##...
.......)............
..._........@.......
..................#.
..)....(...#.....##
..o...@.o..###..$.#
.$......oh...##...#
......o.To....##...#
....#..o...#.## #.##
#.....o§.(#### ##
.......<..#


You could see Harold, a troll, a warg, 2 orc warriors, an orc priest and 3 orcs.

Vanquished Creatures
  Nessos (Lair:4)
  A minotaur (Lab)
  Josephine (D:11)
  A catoblepas (Lair:5)
  5 hydras
  A lindwurm (Lair:6)
  A necromancer (Lair:5)
  8 elephants
  11 black mambas
  4 torpor snails (Lair:6)
  5 spiny frogs
  5 komodo dragons
  2 tyrant leeches (Lair:6)
  2 trolls
  2 polar bears
  6 hornets (Lair:6)
  21 blink frogs
  9 hippogriffs
  A slime creature (Lair:5)
  2 shadows (Lab)
  2 spriggans (Lair:2)
  A wyvern (Lair:4)
  A wraith (D:11)
  25 yaks
  2 basilisks
  2 wargs (D:9)
  14 water moccasins
  An ice beast (D:5)
  6 porcupines
  A sky beast (D:8)
  A black bear (Lair:2)
  2 elephant zombies (Lair:5)
  6 ogres
  5 orc warriors
  A necrophage (D:10)
  4 centaurs
  4 phantoms
  7 wolves (Lair:2)
  11 crocodiles
  3 big kobolds
  A komodo dragon zombie (Lair:5)
  11 bullfrogs
  A scorpion (D:7)
  11 killer bees
  A water moccasin skeleton (D:9)
  5 wights (D:10)
  8 electric eels
  2 crimson imps
  A basilisk zombie (Lair:5)
  2 quasits
  A bullfrog zombie (D:6)
  5 hounds
  6 orc priests
  A centaur skeleton (D:8)
  2 iguanas
  8 orc wizards
  5 worker ants
  A killer bee zombie (D:7)
  A crocodile zombie (Lair:5)
  3 hound skeletons
  A howler monkey skeleton (D:6)
  6 gnolls
  17 adders
  A shadow imp (D:5)
  3 oozes
  An adder skeleton (D:4)
  A worm (D:4)
  4 dart slugs
  6 leopard geckos
  34 orcs
  8 bats
  5 giant cockroaches
  4 hobgoblins
  8 jackals
  2 quokkas
  2 ball pythons
  4 frilled lizards
  6 goblins
  23 kobolds
  A leopard gecko skeleton (D:4)
  7 rats
  A fungus (Lair:5)
  3 plants (Lair:6)
412 creatures vanquished.

Vanquished Creatures (collateral kills)
  A fire dragon (Lair:6)
  A lindwurm (Lair:6)
  4 elephants (Lair:6)
  2 torpor snails (Lair:6)
  A hornet (Lair:6)
  A tyrant leech (Lair:6)
  2 dream sheep (Lair:6)
  3 yaks (Lair:6)
  An orc warrior (Orc:1)
  A crocodile (Lair:6)
  2 orc wizards (Orc:1)
  An orc (Orc:1)
20 creatures vanquished.

Vanquished Creatures (others)
  6 fungi
  8 plants
14 creatures vanquished.

Grand Total: 446 creatures vanquished

Notes
Turn   | Place    | Note
-------+----------+-------------------------------------------
     0 | D:1      | Chiseanne the Demonspawn Wizard began the quest for the Orb.
     0 | D:1      | Reached XP level 1. HP: 13/13 MP: 4/4
   247 | D:1      | Gained mutation: You are partially covered in large bone plates. (SH +4) [demonic ancestry]
   247 | D:1      | Reached XP level 2. HP: 15/19 MP: 0/6
   615 | D:1      | Reached skill level 2 in Conjurations
  1015 | D:2      | Reached XP level 3. HP: 24/24 MP: 5/8
  1694 | D:2      | Reached XP level 4. HP: 30/30 MP: 5/9
  1890 | D:2      | Reached skill level 3 in Conjurations
  2677 | D:3      | Found a white marble altar of Elyvilon.
  2841 | D:3      | Gained mutation: When hurt, damage is shared between your health and your magic reserves. [demonic ancestry]
  2841 | D:3      | Reached XP level 5. HP: 35/35 MP: 8/11
  2870 | D:3      | Found a basalt altar of Yredelemnul.
  3071 | D:3      | Learned a level 2 spell: Blink
  3074 | D:3      | Learned a level 2 spell: Slow
  3078 | D:3      | Learned a level 3 spell: Mephitic Cloud
  3143 | D:4      | Found a snail-covered altar of Cheibriados.
  3157 | D:4      | Found a bloodstained altar of Trog.
  3158 | D:4      | Found a hazy altar of Hepliaklqana.
  3267 | D:4      | Found a sparkling altar of Nemelex Xobeh.
  3277 | D:4      | Found a blossoming altar of Fedhas.
  3285 | D:4      | Found a shimmering altar of Xom.
  3537 | D:4      | Reached skill level 4 in Conjurations
  3726 | D:4      | Gained mutation: You sometimes gain a little power by taking damage. [demonic ancestry]
  3726 | D:4      | Reached XP level 6. HP: 41/41 MP: 1/13
  3974 | D:4      | Reached skill level 5 in Spellcasting
  4237 | D:4      | Found a sacrificial altar of Ru.
  4587 | D:5      | Entered Level 5 of the Dungeon
  4825 | D:5      | Reached skill level 5 in Conjurations
  4945 | D:5      | Noticed an ice beast
  4994 | D:4      | Reached XP level 7. HP: 18/46 MP: 13/15
  5225 | D:3      | Learned a level 3 spell: Conjure Flame
  6197 | D:6      | Reached skill level 6 in Conjurations
  6466 | D:6      | Found a staircase to the Ecumenical Temple.
  6515 | Temple   | Entered the Ecumenical Temple
  6600 | Temple   | Became a worshipper of Vehumet
  6859 | D:6      | Found a transporter.
  6881 | D:6      | Found a transporter.
  7204 | D:6      | Reached XP level 8. HP: 46/52 MP: 7/18
  7678 | D:7      | Reached skill level 7 in Conjurations
  8034 | D:7      | Noticed a troll
  8489 | D:7      | Reached * piety under Vehumet
  8489 | D:7      | Offered knowledge of Sandblast by Vehumet.
  8594 | D:7      | Killed a troll
  8594 | D:7      | Reached skill level 8 in Conjurations
  9147 | D:8      | Gained mutation: You sometimes gain power by taking damage. [demonic ancestry]
  9147 | D:8      | Reached XP level 9. HP: 57/57 MP: 12/21
  9148 | D:8      | Reached skill level 1 in Armour
  9863 | D:8      | Reached skill level 9 in Conjurations
 10630 | D:9      | Learned a level 1 spell: Apportation
 10679 | D:9      | Found a staircase to the Lair.
 10713 | D:9      | Reached ** piety under Vehumet
 10713 | D:9      | Offered knowledge of Throw Frost by Vehumet.
 11368 | D:9      | Reached XP level 10. HP: 63/63 MP: 13/23
 11739 | D:10     | Entered Level 10 of the Dungeon
 11798 | D:10     | Reached skill level 5 in Armour
 11868 | D:10     | Reached skill level 10 in Conjurations
 11883 | D:10     | Offered knowledge of Stone Arrow by Vehumet.
 11889 | D:10     | Learned a level 3 spell: Stone Arrow
 12046 | D:10     | Noticed mrks's ghost (novice MiFi)
 12181 | D:10     | Found a staircase to the Orcish Mines.
 12506 | D:11     | Noticed Josephine
 12578 | D:11     | Reached *** piety under Vehumet
 12588 | D:11     | Killed Josephine
 12588 | D:11     | Reached skill level 10 in Spellcasting
 14248 | D:10     | Learned a level 5 spell: Venom Bolt
 14300 | D:10     | Offered knowledge of Static Discharge by Vehumet.
 14402 | Lair:1   | Entered Level 1 of the Lair of Beasts
 14421 | Lair:1   | Noticed a black mamba
 14436 | Lair:1   | Killed a black mamba
 14477 | Lair:1   | Found a labyrinth entrance.
 14481 | Lair:1   | Noticed a spiny frog
 14486 | Lab      | Entered a labyrinth
 14683 | Lab      | Noticed a minotaur
 14697 | Lab      | Killed a minotaur
 14697 | Lab      | Reached XP level 11. HP: 68/68 MP: 8/25
 14721 | Lab      | Identified the Collected Works on the Mountains
 14726 | Lab      | Identified the Incunabulum of Protection
 14730 | Lab      | Identified the Handbook of Glacial Unholy Magic
 14738 | Lab      | Got a glittering steel ring
 14804 | Lab      | Identified the cursed ring "Zewin" {rF+ AC-3 Str+2} (You found it in a labyrinth)
 14834 | Lair:1   | Reached skill level 11 in Conjurations
 15203 | Lair:1   | Noticed a six-headed hydra
 15210 | Lair:1   | Killed a six-headed hydra
 15329 | Lair:1   | Learned a level 5 spell: Bolt of Magma
 15731 | Lair:1   | Reached skill level 1 in Fire Magic
 15731 | Lair:1   | Reached skill level 1 in Earth Magic
 15947 | Lair:2   | Found a staircase to the Swamp.
 16009 | Lair:2   | Found a hole to the Spider Nest.
 16445 | Lair:2   | Reached skill level 1 in Fighting
 17016 | Lair:2   | Reached **** piety under Vehumet
 17252 | Lair:3   | Offered knowledge of Airstrike by Vehumet.
 17252 | Lair:3   | Reached skill level 1 in Shields
 17832 | Lair:3   | Gained mutation: You regenerate magic rapidly. [demonic ancestry]
 17832 | Lair:3   | Reached XP level 12. HP: 76/76 MP: 22/27
 18195 | Lair:3   | Reached skill level 12 in Conjurations
 18461 | Lair:3   | Reached ***** piety under Vehumet
 18465 | Lair:3   | Offered knowledge of Iskenderun's Battlesphere by Vehumet.
 18485 | Lair:3   | Learned a level 5 spell: Iskenderun's Battlesphere
 19172 | Lair:4   | Learned a level 7 spell: Spellforged Servitor
 19234 | Lair:4   | Noticed Nessos
 19244 | Lair:4   | Killed Nessos
 19742 | Lair:5   | Noticed a six-headed hydra
 19747 | Lair:5   | Killed a six-headed hydra
 20097 | Lair:5   | Noticed a four-headed hydra
 20099 | Lair:5   | Killed a four-headed hydra
 20099 | Lair:5   | Reached skill level 5 in Summonings
 20155 | Lair:5   | Reached XP level 13. HP: 81/81 MP: 28/29
 20396 | Lair:5   | Found a viscous altar of Jiyva.
 20397 | Lair:5   | Found a staircase to the Slime Pits.
 20670 | Lair:6   | Entered Level 6 of the Lair of Beasts
 20873 | Lair:6   | Offered knowledge of Bolt of Cold by Vehumet.
 21115 | Lair:6   | Found a runed door.
 21820 | Lair:6   | Reached skill level 13 in Conjurations
 22214 | Lair:6   | Noticed a fire dragon
 22222 | Lair:6   | Killed a fire dragon
 22512 | Orc:1    | Entered Level 1 of the Orcish Mines
 22513 | Orc:1    | Found a roughly hewn altar of Beogh.
 22522 | Orc:1    | Noticed Harold
 22523 | Orc:1    | Found Jinnet's Antique Armour Emporium.
 22538 | Orc:1    | Killed from afar by an orc priest

Skill      XL: |  1  2  3  4  5  6  7  8  9 10 11 12 13 |
---------------+----------------------------------------+-----
Conjurations   | 2 3 4 5 6 8 9 10 11 12 13 | 13.2
Spellcasting   | 4 5 6 8 9 10 11 12 | 12.6
Armour         | 4 6 7 |  7.0
Fire Magic     | 3 4 |  4.9
Earth Magic    | 2 4 |  4.6
Fighting       | 1 |  1.0
Shields        | 4 |  4.1
Summonings     | 5 9 |  9.0
Dodging        | |  1.7
Stealth        | |  1.7
Translocations | |  0.8

Action                   |  1- 3 |  4- 6 |  7- 9 | 10-12 | 13-15 || total
-------------------------+-------+-------+-------+-------+-------++-------
Melee: Dagger            |    28 |       |       |       |       ||    28
       Spear             |    12 |       |       |       |       ||    12
       Rapier            |       |    40 |   122 |   126 |     4 ||   292
       Scimitar          |       |       |    28 |    18 |       ||    46
Throw: Javelin           |       |       |     7 |       |       ||     7
 Cast: Magic Dart        |    83 |   121 |   331 |   345 |    65 ||   945
       Mephitic Cloud    |       |     3 |    24 |    25 |     5 ||    57
       Slow              |       |     3 |       |       |       ||     3
       Blink             |       |       |     8 |    10 |     1 ||    19
       Conjure Flame     |       |       |    14 |    15 |       ||    29
       Stone Arrow       |       |       |       |    92 |    62 ||   154
       Venom Bolt        |       |       |       |    86 |    19 ||   105
       Iskenderun's Batt |       |       |       |    19 |    33 ||    52
       Bolt of Magma     |       |       |       |     8 |     7 ||    15
       Spellforged Servi |       |       |       |       |    15 ||    15
Evoke: Wand              |       |       |     5 |     8 |       ||    13
  Use: Scroll            |     4 |     6 |    11 |    17 |     2 ||    40
       Potion            |     1 |       |     5 |     6 |       ||    12
 Stab: Confused          |       |     1 |       |     4 |       ||     5
       Distracted        |       |       |     1 |     1 |       ||     2
       Sleeping          |       |       |     1 |       |       ||     1
       Invisible         |       |       |       |     1 |       ||     1
  Eat: Chunk             |     2 |    10 |    18 |    35 |    17 ||    82
       Royal jelly       |       |       |     1 |     3 |       ||     4
Armor: Robe              |    11 |     8 |    13 |       |       ||    32
       Troll leather arm |       |       |    26 |    71 |    14 ||   111
Dodge: Dodged            |    37 |    26 |   137 |   130 |    11 ||   341
Block: Other             |    12 |    12 |    37 |    26 |       ||    87
       Buckler           |       |       |       |    27 |    10 ||    37
       Rpst.: Scimitar   |       |       |    12 |     1 |       ||    13
